AoeStats
← Gud Ol' Boyz

Arabia

506013010Analyzed
1v1 RM · 22d ago on Sep 12, 2026· 43m 24s· 2 players
Game mode
Random Map
Map size
Tiny (2 player)
Population
200
Speed
Normal
Resources
Standard
Victory
Conquest
Starting age
Dark Age
Ending age
Imperial Age
RankedLock teamsTeams togetherTeam positionsShared explorationLock speedFull tech treeHidden civsTurbo modeCheats
Victory
Defeat
🇧🇷 Vietnamese · Brazil
507
+18
🇺🇸 Spanish · United States
548
-18
Bronnu
11:40 Feudal Age
13:06 Wheelbarrow
12:19 Horse Collar
12:31 Double-Bit Axe
18:20 Arson
23:09 Town Watch
23:10 Loom
24:51 Gold Mining
24:52 Stone Mining
27:51 Fletching
28:02 Padded Archer Armor
28:03 Scale Mail Armor
28:14 Forging
30:23 Castle Age
30:43 Pikeman
31:25 Squires
32:04 Hand Cart
32:08 Bodkin Arrow
32:50 Iron Casting
32:31 Chain Mail Armor
33:44 Bow Saw
33:53 Leather Archer Armor
34:53 Stone Shaft Mining
34:20 Elite Skirmisher
35:06 Thumb Ring
35:30 Heavy Plow
38:36 Town Patrol
43:06 Imperial Age
Gud Ol' Boyz
3:09 Loom
10:59 Feudal Age
12:55 Double-Bit Axe
16:36 Horse Collar
20:29 Castle Age
21:29 Scale Barding Armor
21:36 Forging
21:17 Fletching
22:28 Bloodlines
22:23 Husbandry
24:31 Bow Saw
24:49 Heavy Plow
26:17 Wheelbarrow
27:54 Iron Casting
27:17 Bodkin Arrow
33:10 Chain Barding Armor
38:11 Imperial Age
36:48 Hand Cart
36:20 Town Watch
37:01 Ballistics
36:37 Murder Holes
38:04 Light Cavalry
40:28 Chemistry
39:31 Onager
42:23 Plate Barding Armor
41:49 Bracer
42:50 Blast Furnace
42:56 Cavalier
Connection lost

Rejoining the realm…

Still unreachable

The connection could not be restored.

Session expired

The server has moved on; the page needs a fresh start.